 Dungeon Crawl Stone Soup version 0.18.1-50-g88ac8fd (webtiles) character file.

12 Amnesiac the Charlatan (level 2, 0/16 HPs)
             Began as a Deep Elf Artificer on Feb 28, 2018.
             Succumbed to an adder's poison
             ... on level 2 of the Dungeon.
             The game lasted 00:00:34 (363 turns).

Amnesiac the Charlatan (Deep Elf Artificer)          Turns: 363, Time: 00:00:35

Health: 0/16       AC:  5    Str:  8    XL:     2   Next: 20%
Magic:  7/7        EV: 12    Int: 16    God:
Gold:   42         SH:  2    Dex: 17    Spells: 0 memorised, 1 level left

rFire  . . .     SeeInvis .     h - +0 spear
rCold  . . .     Gourm    .     b - +0 leather armour
rNeg   . . .     Faith    .     (no shield)
rPois  .         Spirit   .     (no helmet)
rElec  .         Dismiss  .     (no cloak)
rCorr  .         Reflect  .     (no gloves)
SustAt .         Harm     .     (no boots)
MR     .....     Rnd*Rage +     (no amulet)
Stlth  ++........               (no ring)
                                (no ring)

@: lethally poisoned (0 -> -3), not resistant to hostile enchantments,
unstealthy
A: large bone plates 1, agile 1, berserk 1
a: no special abilities


You were on level 2 of the Dungeon.
You were not hungry.

You visited 1 branch of the dungeon, and saw 2 of its levels.

You collected 42 gold pieces.

Inventory:

Hand Weapons
 a - a +0 short sword
 h - a +0 spear (weapon)
Missiles
 k - 9 sling bullets
 l - 26 stones (quivered)
Armour
 b - a +0 leather armour (worn)
Wands
 c - a wand of flame (13/48)
 d - a wand of enslavement (15/24)
 e - a wand of random effects (15/48)
Comestibles
 f - a bread ration
 i - 2 meat rations


   Skills:
 - Level 0.7 Fighting
 - Level 1.0 Short Blades
 - Level 2.4 Dodging
 - Level 1.2 Stealth
 + Level 4.1 Evocations


You had one spell level left.
You didn't know any spells.

Dungeon Overview and Level Annotations

Branches:
Dungeon (2/15)

Altars:


Innate Abilities, Weirdness & Mutations

You are partially covered in large bone plates (AC +2, SH +2).
You are agile. (Dex +2)
You tend to lose your temper in combat.


Message History

k - 9 sling bullets
There is an escape hatch in the floor, spattered with blood here.
Search for what [? for help]? sto HP restored.
There is a stone staircase leading up here.
You climb upwards.
There is a stone staircase leading down here.
You see here 26 stones.
l - 26 stones
There is a stone staircase leading down here.
You climb downwards.
There is a stone staircase leading up here.
There is an escape hatch in the floor, spattered with blood here.
HP restored.
An adder comes into view.
An adder is nearby!
An adder is nearby!
You hit the adder.
The adder is moderately wounded.
The adder bites you.
You are lethally poisoned!
The adder poisons you!
You hit the adder.
The adder is heavily wounded.
* * * LOW HITPOINT WARNING * * *
You feel sick. The adder bites you.
* * * LOW HITPOINT WARNING * * *
Evoke which item? (* to show all) (? for menu, Esc to quit)
Zapping:
c - a wand of flame (15/48)
Press: ? - help, Shift-Dir - straight line, f - adder
Aim: an adder (heavily wounded)
The puff of flame misses the adder.
This wand has 14 charges left.
The adder closely misses you. The adder bites you.
* * * LOW HITPOINT WARNING * * *
Evoke which item? (* to show all) (? for menu, Esc to quit)
Zapping:
c - a wand of flame (14/48)
Press: ? - help, Shift-Dir - straight line, f/p - adder
Aim: an adder (heavily wounded)
The puff of flame hits the adder.
You kill the adder!
Your Evocations skill increases to level 4!
You have reached level 2!
This wand has 13 charges left.
* * * LOW HITPOINT WARNING * * *
You feel sick.
Drink which item? (? for menu, Esc to quit)
Really quaff
g - a metallic red potion {!q}?
It was a potion of magic {!q}.
Magic courses through your body.
Drink which item? (? for menu, Esc to quit)
Really quaff
j - a sedimented blue potion {!q}?
It was a potion of mutation {!q}.
You feel extremely strange.
Large bone plates grow over parts of your arms.
You feel a little pissed off.
You feel agile.
* * * LOW HITPOINT WARNING * * *
You feel sick.
You aren't carrying any potions.
Sorry, you're not good enough to have a special ability.
Found 15 gold pieces.
* * * LOW HITPOINT WARNING * * *
You feel sick.
Found a scroll labeled KIR REMUTSOEL.
A kobold comes into view.
Found a glowing whip and 22 stones.
You die...

## ###
<################.#
.##...............#
.##.#############.#
.##.# #####.# .##.#
)..#.### .##>#
#.#...# .##.#
#.@.#.# .##.#
######.#.## .##.#
....?......# .##.#
#######.#...# .##.#
#.#.#.# ....#
#.#.#.# #####
#.#.#.# #(#$# .
#.#.# .


There were no monsters in sight!

Vanquished Creatures
  An adder (D:2)
  A goblin (D:1)
  A hobgoblin (D:2)
  A rat (D:1)
4 creatures vanquished.

Notes
Turn   | Place    | Note
--------------------------------------------------------------
     0 | D:1      | Amnesiac the Deep Elf Artificer began the quest for the Orb.
     0 | D:1      | Reached XP level 1. HP: 11/11 MP: 5/5
   354 | D:2      | Reached skill level 4 in Evocations
   354 | D:2      | Reached XP level 2. HP: 3/16 MP: 7/7
   356 | D:2      | Gained mutation: You are partially covered in large bone plates (AC +2, SH +2). [potion of mutation]
   356 | D:2      | Gained mutation: You tend to lose your temper in combat. [potion of mutation]
   356 | D:2      | Gained mutation: You are agile. (Dex +2) [potion of mutation]
   363 | D:2      | Succumbed to an adder's poison

Skill      XL: |  1 |
---------------+----+-----
Evocations     | 4 |  4.1
Fighting       | |  0.7
Short Blades   | |  1.0
Dodging        | |  2.4
Stealth        | |  1.2

Action                   || total
-------------------------++-------
Melee: Spear             ||     8
       Short sword       ||     2
Evoke: Wand              ||     2
  Use: Potion            ||     2
Armor: Leather armour    ||     2
Dodge: Dodged            ||     3
